 Dungeon Crawl Stone Soup version 0.21.0-3-g78d12a8bdd (webtiles) character file.

99 GuyWithAPlan the Insei (level 4, -2/32 HPs)
             Began as a Merfolk Transmuter on Jan 15, 2018.
             Slain by an orc
             ... wielding a +0 war axe
              (10 damage)
             ... on level 3 of the Dungeon.
             The game lasted 00:05:51 (2663 turns).

GuyWithAPlan the Insei (Merfolk Transmuter)         Turns: 2663, Time: 00:05:51

Health: -2/32      AC:  2    Str: 10    XL:     4   Next: 72%
Magic:  8/8        EV: 13    Int: 13    God:
Gold:   219        SH:  0    Dex: 14    Spells: 7/8 levels left

rFire    . . .     SeeInvis .     - Unarmed
rCold    . . .     Gourm    .   (no shield)
rNeg     + . .     Faith    .   b - +0 robe
rPois    .         Spirit   .   (no helmet)
rElec    .         Reflect  .   (no cloak)
rCorr    .         Harm     .   (no gloves)
MR       .....                  (no boots)
Stlth    ++........             (no amulet)
HPRegen  0.10/turn              n - ring of positive energy
MPRegen  0.11/turn              (no ring)

@: appendage
A: change form in water, swift swim, stealthy swim, horns 2
a: End Transformation


You were on level 3 of the Dungeon.
You were not hungry.
You had grown temporary horns.
You visited 1 branch of the dungeon, and saw 3 of its levels.

You collected 219 gold pieces.

Inventory:

Hand Weapons
 o - a cursed +0 short sword
Missiles
 a - 28 arrows
Armour
 b - a +0 robe (worn)
 f - a +0 pair of gloves
Jewellery
 n - a ring of positive energy (left hand)
Scrolls
 e - 3 scrolls of identify {unknown}
 g - a scroll of fear {unknown}
 h - 4 scrolls of remove curse {unknown}
 i - 4 scrolls of teleportation {unknown}
 l - a scroll of fog {unknown}
Potions
 j - a potion of brilliance {unknown}
 k - 3 potions of curing
 m - 3 potions of flight {unknown}
 q - a potion of haste {unknown}
 r - a potion of lignification {unknown}
Books
 c - a book of Changes

   Spells                             Type                      Level
   a - Beastly Appendage              Transmutation                1
   b - Sticks to Snakes               Transmutation                2
   c - Spider Form                    Transmutation/Poison         3
   d - Ice Form                       Ice/Transmutation            4
   e - Blade Hands                    Transmutation                5
Comestibles
 d - 5 rations


   Skills:
 + Level 1.1 Fighting
 + Level 3.4 Dodging
 + Level 1.0 Stealth
 + Level 4.3 Unarmed Combat
 + Level 2.9 Spellcasting
 + Level 3.4 Transmutations


You had 7 spell levels left.
You knew the following spells:

 Your Spells              Type           Power        Failure   Level  Hunger
a - Beastly Appendage     Tmut           ##....       5%          1    #......


Dungeon Overview and Level Annotations

Branches:
Dungeon (3/15)

Altars:
Gozag
Sif Muna
Uskayaw
Yredelemnul


Innate Abilities, Weirdness & Mutations

You revert to your normal form in water.
You are very nimble and swift while swimming.
You are very stealthy in the water. (Stealth+)
You have a pair of horns on your head.


Message History

The orc wizard hits you but does no damage.
You barely miss the orc wizard.
The orc wizard is almost dead.
The orc hits you with a war axe!
* * * LOW HITPOINT WARNING * * *
The orc wizard closely misses you.
Unknown command.
You hit the orc wizard but do no damage.
You headbutt the orc wizard.
You kill the orc wizard!
Your Stealth skill increases to level 1!
The orc completely misses you.
You barely miss the orc. The orc closely misses you.
You barely miss the orc. You hit the orc but do no damage.
The orc closely misses you.
You hit the orc but do no damage. The orc barely misses you.
You hit the orc. You headbutt the orc, but do no damage.
The orc is lightly wounded.
The orc hits you with a war axe!
You die...

##### .. ... #.# #.# #.# #o# #
###### #.# #@# # #.#..... #.#
#)# #.#.#.#### #.###.#
###.#.#.###
#.[...#####.........#
#................)#.#
#.########....#.#.#.#
####.######...#.....#..#
..######................###.#.#
............#####...#.#.....#.#


You could see an orc.

Vanquished Creatures
  An orc wizard (D:3)
  2 adders
  3 dart slugs
  3 leopard geckos
  3 orcs (D:3)
  2 ball pythons
  2 giant cockroaches (D:1)
  5 goblins
  3 hobgoblins (D:1)
  3 jackals (D:1)
  2 quokkas (D:2)
  5 bats
  3 frilled lizards
  A kobold (D:1)
  4 rats
42 creatures vanquished.

Notes
Turn   | Place    | Note
-------+----------+-------------------------------------------
     0 | D:1      | GuyWithAPlan the Merfolk Transmuter began the quest for the Orb.
     0 | D:1      | Reached XP level 1. HP: 15/15 MP: 3/3
   172 | D:1      | Reached XP level 2. HP: 21/21 MP: 3/5
   795 | D:1      | Reached XP level 3. HP: 26/26 MP: 6/6
  1267 | D:1      | Reached skill level 4 in Unarmed Combat
  2161 | D:2      | Found a deep blue altar of Sif Muna.
  2305 | D:2      | Reached XP level 4. HP: 32/32 MP: 7/7
  2481 | D:3      | Found a hide-covered altar of Uskayaw.
  2532 | D:3      | Found an opulent altar of Gozag.
  2533 | D:3      | Found a basalt altar of Yredelemnul.
  2658 | D:3      | Reached skill level 1 in Stealth
  2663 | D:3      | Slain by an orc

Skill      XL: |  1  2  3  4 |
---------------+-------------+-----
Dodging        | 3 |  3.4
Transmutations | 3 |  3.4
Unarmed Combat | 4 |  4.3
Stealth        | 1 |  1.0
Fighting       | |  1.1
Spellcasting   | |  2.9

Action                   |  1- 3 |  4- 6 || total
-------------------------+-------+-------++-------
Melee: Unarmed           |   111 |    36 ||   147
       Headbutt          |    12 |     7 ||    19
       Punch             |     2 |       ||     2
 Cast: Beastly Appendage |    24 |     6 ||    30
  Use: Potion            |     1 |       ||     1
 Stab: Sleeping          |     1 |       ||     1
  Eat: Chunk             |     4 |     2 ||     6
Armor: Robe              |    17 |     2 ||    19
Dodge: Dodged            |    70 |    21 ||    91
